 Dungeon Crawl Stone Soup version 0.28.0-49-g6dfe1f597d (webtiles) character file.

Game seed: 12061840575181031060

3003 Zeld the Conjurer (level 9, -10/78 HPs)
             Began as a White Draconian Conjurer on May 16, 2022.
             Was an Initiate of Sif Muna.
             Mangled by a death yak (22 damage)
             ... on level 8 of the Dungeon.
             The game lasted 00:10:34 (13054 turns).

Zeld the Conjurer (White Draconian Conjurer)       Turns: 13054, Time: 00:10:34

Health: -10/78     AC:  8    Str: 10    XL:     9   Next: 54%
Magic:  6/18       EV: 13    Int: 23    God:    Sif Muna [......]
Gold:   108        SH:  5    Dex:  9    Spells: 9/20 levels left

rFire   . . .      SeeInvis +   a - +2 short sword (venom)
rCold   + . .      Faith    .   (no shield)
rNeg    . . .      Spirit   .   (armour unavailable)
rPois   .          Reflect  +   (helmet restricted)
rElec   .          Harm     .   u - +0 cloak
rCorr   .          Rampage  .   (no gloves)
Will    .....                   (no boots)
Stlth   ++........              n - amulet of reflection
HPRegen 0.23/turn               p - ring of flight
MPRegen 0.16/turn               q - ring of see invisible

@: flying, very slightly contaminated
A: breathe frost, AC +7, unfitting armour, cold resistance 1, cold-blooded
a: Breathe Frost, Renounce Religion


You were on level 8 of the Dungeon.
You worshipped Sif Muna.
Sif Muna was noncommittal.
You visited 2 branches of the dungeon, and saw 9 of its levels.

You collected 288 gold pieces.
You spent 180 gold pieces at shops.

Inventory:

Hand Weapons
 a - a +2 short sword of venom (weapon)
Armour
 u - a +0 cloak (worn)
Jewellery
 n - an amulet of reflection (around neck)
 p - a ring of flight (left hand)
 q - a ring of see invisible (right hand)
Wands
 w - a wand of polymorph (10)
Scrolls
 b - 3 scrolls of identify
 d - 3 scrolls of vulnerability {unknown}
 e - 3 scrolls of enchant armour
 g - 5 scrolls of fear
 m - 4 scrolls of teleportation
 o - 2 scrolls of enchant weapon
Potions
 c - 3 potions of degeneration {unknown}
 f - a potion of cancellation {unknown}
 i - a potion of haste {unknown}
 j - 2 potions of brilliance {unknown}
 k - 3 potions of heal wounds {unknown}
 l - a potion of curing {unknown}
 r - a potion of might
 s - 2 potions of flight {unknown}
 v - a potion of attraction {unknown}


   Skills:
 * Level 6.9 Fighting
 + Level 4.5 Dodging
 + Level 4.6 Stealth
 * Level 6.1 Spellcasting
 * Level 7.7 Conjurations
 - Level 2.0 Hexes
 - Level 2.0 Translocations


You had 9 spell levels left.
You knew the following spells:

 Your Spells              Type           Power      Damage    Failure   Level
a - Magic Dart            Conj           100%       1d8       1%          1
b - Searing Ray           Conj           84%        2d7       1%          2
c - Fulminant Prism       Conj/Hex       14%        3d9       12%         4
d - Iskenderun's Mystic   Conj/Tloc      29%        2d7       12%         4

Your spell library contained the following spells:

 Spells                   Type           Power      Damage    Failure   Level
 Apportation              Tloc           32%        N/A       3%          1
 Slow                     Hex            64%        N/A       3%          1
 Dazzling Flash           Conj/Hex       58%        N/A       3%          3
 Stone Arrow              Conj/Erth      48%        3d10      5%          3
 Freeze                   Ice            28%        1d5       9%          1
 Sandblast                Erth           14%        2d6       9%          1
 Gell's Gravitas          Tloc           16%        N/A       11%         3
 Teleport Other           Tloc           16%        N/A       11%         3
 Passwall                 Tmut/Erth      5%         N/A       13%         2
 Hailstorm                Conj/Ice       24%        3d7       17%         4
 Frozen Ramparts          Ice            14%        1d3       26%         3
 Conjure Ball Lightning   Conj/Air       12%        3x3d6     95%         6
 Dispersal                Tloc           8%         N/A       99%         6
 Discord                  Hex            8%         N/A       100%        8
 Disjunction              Tloc           8%         N/A       100%        8


Dungeon Overview and Level Annotations

Branches:
Dungeon (8/15)             Temple (1/1) D:4            Lair (0/6) D:8

Altars:
Ashenzari
Dithmenos
Elyvilon
Fedhas
Gozag
Hepliaklqana
Makhleb
Okawaru
Qazlal
Sif Muna
Trog
Uskayaw
Vehumet
Wu Jian
Xom
Yredelemnul
Zin

Shops:
D:6 =

Annotations:
D:4 1 runed translucent door, OrbIsHorse's ghost, weakling HOCA


Innate Abilities, Weirdness & Mutations

You can breathe waves of freezing cold which knock back foes.
Your icy white scales are hard. (AC +7)
You cannot fit into any form of body armour.
Your flesh is cold resistant. (rC+)
You are cold-blooded and may be slowed by cold attacks.


Message History

Confirm with . or Enter, or press ? or * to list all spells.
You erupt in a blast of force!
The mystic blast hits the death yak but does no damage.
The death yak is almost dead.
Unknown command.
Unknown command.
The death yak gores you!
* * * LOW HITPOINT WARNING * * *
The death yak snorts and paws the ground.
There is a stone staircase leading up here.
You fly upwards.
There is a stone staircase leading down here.
You start resting.
You can no longer call upon Sif Muna for magical energy.
You start resting.
Magic restored.
You start resting.
HP restored.
You fly downwards.
The death yak gores you!! The death yak gores you!
There is a stone staircase leading up, spattered with blood here.
Casting: Iskenderun's Mystic Blast (dangerous; 12% risk of failure)
Confirm with . or Enter, or press ? or * to list all spells.
You erupt in a blast of force!
The mystic blast hits the death yak.
The death yak is lightly wounded.
The death yak gores you!!
* * * LOW HITPOINT WARNING * * *
Unknown command.
Casting: Iskenderun's Mystic Blast (dangerous; 12% risk of failure)
Confirm with . or Enter, or press ? or * to list all spells.
You miscast Iskenderun's Mystic Blast.
You are very lightly contaminated with residual magic.
Energy rips through your body!
* * * LOW HITPOINT WARNING * * *
You block the death yak's attack.
Casting: Iskenderun's Mystic Blast (dangerous; 12% risk of failure)
Confirm with . or Enter, or press ? or * to list all spells.
You erupt in a blast of force!
The mystic blast hits the death yak but does no damage.
The death yak gores you!!
You die...

#.#...## #..# #......## #..#
#.......####### #..#
#.............##### #..#
#..........>......# [.#
##.....######.#.#.### #.#
##.<.## ####...#...##
###<#######Y# #....#####...
#..........@# #.##...#...##
#.#.#######.# #.##.#.#.###
#.####.#.#######.# #.##.#...#
#......#.......#.####.#...#.##
######.#######.#............#
#.# #.######.#...### #.#
#.##........## #.##
#.#........######### #..#
#...................


You could see a death yak.

Vanquished Creatures
  A death yak (D:7)
  A steam dragon (D:7)
  2 water moccasins (D:7)
  A black bear (D:5)
  An ice beast (D:7)
  An orc warrior (D:5)
  A sky beast (D:8)
  2 necrophages
  2 ogres
  2 centaurs (D:7)
  2 phantoms
  A bullfrog (D:8)
  3 wyvern skeletons (D:6)
  A water moccasin zombie (D:6)
  A water moccasin skeleton (D:6)
  5 killer bees (D:7)
  3 jellies
  An orc priest (D:5)
  A hound (D:6)
  Natasha (thrice) (D:4)
  2 iguanas
  An orc wizard (D:5)
  A killer bee zombie (D:7)
  A hound skeleton (D:4)
  3 gnolls
  A howler monkey skeleton (D:6)
  7 adders
  A worm (D:3)
  4 dart slugs
  13 orcs
  3 endoplasms
  3 giant cockroaches
  10 goblins
  8 hobgoblins
  2 jackals (D:4)
  8 kobolds
  7 quokkas
  8 ball pythons
  6 bats
  5 frilled lizards
  6 rats
135 creatures vanquished.

Vanquished Creatures (others)
  2 withered plants (D:2)
2 creatures vanquished.

Grand Total: 137 creatures vanquished

Notes
Turn   | Place    | Note
-------+----------+-------------------------------------------
     0 | D:1      | Zeld the Draconian Conjurer began the quest for the Orb.
     0 | D:1      | Reached XP level 1. HP: 14/14 MP: 3/3
   488 | D:1      | Reached XP level 2. HP: 22/22 MP: 3/5
   496 | D:1      | Learned a level 2 spell: Searing Ray
   644 | D:1      | Reached skill level 1 in Fighting
  1254 | D:2      | Reached XP level 3. HP: 21/28 MP: 1/6
  2033 | D:2      | Reached XP level 4. HP: 11/36 MP: 1/7
  2391 | D:2      | Found the +4 dagger "Morg" {pain, Will+ Int+5}
  2396 | D:2      | Noticed a phantom
  2403 | D:2      | Killed a phantom
  2404 | D:2      | Reached XP level 5. HP: 33/42 MP: 0/9
  2844 | D:3      | Found an iron altar of Okawaru.
  3011 | D:3      | Found a burning altar of Makhleb.
  3287 | D:4      | Found a staircase to the Ecumenical Temple.
  3370 | Temple   | Entered the Ecumenical Temple
  3737 | D:3      | Found a shadowy altar of Dithmenos.
  4103 | D:1      | Reached skill level 5 in Conjurations
  4491 | D:1      | Learned a level 4 spell: Fulminant Prism
  4551 | D:2      | Found a faded altar of an unknown god.
  5915 | D:4      | Found a shimmering altar of Xom.
  5924 | D:4      | Noticed Natasha
  5932 | D:4      | Killed Natasha
  5964 | D:4      | Noticed Natasha
  5969 | D:4      | Killed Natasha
  5970 | D:4      | Reached XP level 6. HP: 34/51 MP: 4/10
  5975 | D:4      | Learned a level 4 spell: Iskenderun's Mystic Blast
  5975 | D:4      | Noticed Natasha
  5981 | D:4      | Killed Natasha
  6034 | D:4      | Found a runed translucent door.
  6219 | D:4      | Noticed OrbIsHorse's ghost (weakling HOCA)
  6534 | D:4      | Your scales start taking on an icy white colour.
  6534 | D:4      | Reached XP level 7. HP: 38/57 MP: 12/12
  6534 | D:4      | Gained mutation: Your flesh is cold resistant. (rC+) [White
                  | Draconian growth]
  6869 | D:5      | Entered Level 5 of the Dungeon
  7025 | D:5      | Found a radiant altar of Vehumet.
  7025 | D:5      | Found a blossoming altar of Fedhas.
  7142 | D:5      | Reached skill level 1 in Hexes
  7142 | D:5      | Reached skill level 1 in Translocations
  8141 | D:5      | Found a shimmering blue altar of Sif Muna.
  8148 | D:5      | Got Sif Muna's Reference Book on Warped Execration
  8150 | D:5      | Became a worshipper of Sif Muna the Loreminder
  8155 | D:5      | Found a bloodstained altar of Trog.
  8878 | D:6      | Found Uhaisipn's Jewellery Emporium.
  8886 | D:6      | Bought a ring of see invisible for 180 gold pieces
  8902 | D:6      | Reached skill level 6 in Conjurations
  8902 | D:6      | Reached XP level 8. HP: 67/67 MP: 8/14
 10170 | D:7      | Reached skill level 5 in Fighting
 10684 | D:7      | Reached skill level 5 in Spellcasting
 11244 | D:7      | Reached skill level 7 in Conjurations
 11426 | D:7      | Reached XP level 9. HP: 65/75 MP: 10/17
 11679 | D:8      | Noticed a death yak
 11679 | D:8      | Noticed a death yak
 11679 | D:8      | Noticed a death yak
 12035 | D:8      | Noticed a skeletal warrior
 12036 | D:8      | Noticed a skeletal warrior
 12192 | D:8      | Found a staircase to the Lair.
 12194 | D:8      | Noticed a death yak
 12204 | D:8      | Noticed a death yak
 12204 | D:8      | Noticed a death yak
 12208 | D:8      | Noticed a death yak
 12287 | D:7      | Killed a death yak
 12287 | D:7      | Reached * piety under Sif Muna
 12717 | D:8      | HP: 2/78 [death yak (12)]
 13054 | D:8      | Mangled by a death yak

Illustrated notes

Levels and vault maps discovered:
D:1:      evilmike_arrival_rings, layout_basic, roderic_roman_lattice,
          minmay_door_square, serial_park_tiny_pond
D:2:      layout_rooms, shapermc_ecumenical_altar_flowoftime
D:3:      layout_loops_corners, general_overflow_altar,
          nicolae_dithmenos_through_a_glass_darkly, bloody_makhleb,
          grunt_ministairs_6
D:4:      layout_loops_corners, mainiacjoe_overflow_paths,
          minmay_temple_entry_offerings, gammafunk_ghost_grave, uniq_natasha
D:5:      layout_loops_cross, nzn_overflow_gifts_of_might_and_magic,
          mainiacjoe_overflow_divided_tiny
D:6:      layout_basic, serial_shops, shop
D:7:      layout_rooms
D:8:      layout_loops_ring, dpeg_lair_monsters, serial_shops,
          nicolae_shop_statue_plus, special_room [special_room_kobold],
          hangedman_abyss_or_decor_stabs, chequers_serial_rivers_small_3,
          minmay_statues_item
Temple:   compressed_dpeg_triangle_lava_temple

Skill      XL: |  1  2  3  4  5  6  7  8  9 |
---------------+----------------------------+-----
Fighting       | 1 2 3 4 5 6 |  6.9
Dodging        | 2 3 4 |  4.5
Stealth        | 2 3 4 |  4.6
Spellcasting   | 3 4 5 6 |  6.1
Conjurations   | 5 6 7 |  7.7
Hexes          | 1 2 |  2.0
Translocations | 1 2 |  2.0

Action                   |  1- 3 |  4- 6 |  7- 9 || total
-------------------------+-------+-------+-------++-------
Melee: Unarmed           |    94 |       |       ||    94
       Tailslap          |     5 |    17 |    28 ||    50
       Punch             |     1 |     4 |     4 ||     9
       Dagger            |       |   169 |    66 ||   235
       Short sword       |       |       |   127 ||   127
 Cast: Magic Dart        |    42 |     9 |     3 ||    54
       Searing Ray       |     5 |     8 |    32 ||    45
       Iskenderun's Myst |       |       |    11 ||    11
 Abil: Breathe Frost     |       |       |     5 ||     5
  Use: Scroll            |       |       |     7 ||     7
 Stab: Sleeping          |       |     8 |     3 ||    11
Armor: Skin              |    41 |    56 |    66 ||   163
Dodge: Dodged            |    84 |   114 |   137 ||   335
Block: Other             |       |       |    52 ||    52
       Reflection        |       |       |     2 ||     2
